Map: Lightshade LE

Players

Krystianer - Winner!

  • Race: Protoss Protoss
  • League: Grandmaster
  • Spawn Location: 11:00

Lambo

  • Race: Zerg Zerg
  • League: Master
  • Spawn Location: 5:00

Event: DreamHack SC2 Masters 2020 Winter

VOD

Have the link to the VOD?

Description

Time

  • Played on: Oct. 25, 2020, 12:46 p.m.
  • Length: 19:16

All games in this series

Show
View Real Time Build Order
Export as new Build Order

Krystianer Protoss - Winner!

Build Orders: 1 Gate Expand, Oracle Opening, Phoenix Opening, Mass Phoenix 

Get SALT Encoding   

  12  0:00  Probe  
  13  0:12  Probe  
  14  0:18  Pylon  
  14  0:24  Probe (Chrono Boost)  
  15  0:36  Probe (Chrono Boost)  
  15  0:41  Gateway  
  16  0:45  Probe (Chrono Boost)  
  16  0:46  Assimilator  
  17  0:50  Probe  
  18  1:03  Probe  
  19  1:15  Probe  
  20  1:22  Nexus  
  20  1:32  Cybernetics Core  
  20  1:35  Probe  
  21  1:41  Assimilator  
  21  1:47  Probe  
  21  1:49  Pylon  
  22  1:59  Probe  
  23  2:06  Adept (Chrono Boost)  
  25  2:11  Probe  
  26  2:18  Stargate  
  26  2:23  Probe (Chrono Boost)  
  26  2:28  Stalker  
  29  2:35  Probe (Chrono Boost)  
  29  2:36  Probe (Chrono Boost)  
  31  2:38  Warp Gate  
  31  2:43  Probe x2 (Chrono Boost)  
  33  2:48  Probe (Chrono Boost)  
  33  2:50  Probe  
  35  3:02  Probe x2  
  35  3:05  Oracle  
  40  3:08  Gateway  
  40  3:14  Probe (Chrono Boost)  
  40  3:19  Pylon, Probe (Chrono Boost)  
  42  3:23  Assimilator  
  42  3:25  Assimilator, Probe (Chrono Boost)  
  44  3:28  Adept, Probe (Chrono Boost)  
  46  3:37  Probe  
  46  3:38  Probe  
  48  3:42  Phoenix  
  50  3:48  Pylon  
  50  3:49  Probe  
  50  3:50  Probe  
  50  3:55  Stargate  
  52  4:01  Probe  
  52  4:02  Probe  
  54  4:07  Phoenix (Chrono Boost)  
  56  4:13  Probe  
  56  4:14  Pylon, Probe  
  58  4:25  Phoenix (Chrono Boost)  
  60  4:33  Adept  
  60  4:34  Adept  
  64  4:42  Phoenix (Chrono Boost)  
  64  4:44  Pylon  
  64  4:45  Phoenix (Chrono Boost)  
  68  4:58  Phoenix (Chrono Boost)  
  68  4:59  Pylon  
  68  5:01  Nexus  
  72  5:11  Phoenix (Chrono Boost)  
  72  5:12  Probe x2  
  74  5:20  Phoenix (Chrono Boost)  
  76  5:24  Probe x2  
  78  5:32  Robotics Facility  
  78  5:34  Robotics Facility  
  80  5:36  Pylon, Probe  
  81  5:44  Gateway  
  81  5:45  Gateway  
  81  5:46  Pylon  
  81  5:48  Probe (Chrono Boost)  
  81  5:49  Sentry x2  
  84  5:55  Probe (Chrono Boost)  
  85  5:59  Probe (Chrono Boost)  
  87  6:04  Probe x2 (Chrono Boost)  
  88  6:13  Probe (Chrono Boost)  
  88  6:18  Assimilator, Immortal (Chrono Boost)  
  91  6:20  Probe x2 (Chrono Boost)  
  91  6:22  Assimilator, Probe (Chrono Boost)  
  100  6:26  Probe (Chrono Boost)  
  100  6:27  Probe (Chrono Boost)  
  100  6:28  Pylon  
  100  6:30  Immortal (Chrono Boost)  
  103  6:34  Twilight Council  
  103  6:35  Forge  
  103  6:38  Probe  
  103  6:40  Shield Battery  
  103  6:43  Stalker x2  
  103  6:44  Stalker  
  103  6:45  Shield Battery  
  109  6:48  Zealot  
  109  6:51  Pylon  
  111  6:55  Immortal (Chrono Boost)  
  111  6:58  Pylon  
  115  7:07  Adept  
  115  7:08  Immortal  
  121  7:12  Shield Battery  
  121  7:13  Shield Battery  
  121  7:16  Pylon  
  121  7:19  Zealot x3  
  127  7:26  Shield Battery  
  127  7:28  Shield Battery  
  122  7:33  Zealot  
  122  7:34  Immortal  
  126  7:41  Zealot x2  
  128  7:45  Stalker  
  128  7:47  Immortal  
  111  8:06  Zealot x3  
  111  8:08  Probe  
  111  8:10  Stalker, Probe  
  108  8:13  Immortal (Chrono Boost)  
  108  8:14  Probe  
  104  8:25  Probe  
  104  8:26  Immortal (Chrono Boost)  
  91  8:29  Zealot x3  
  96  8:34  Probe  
  96  8:35  Probe  
  96  8:36  Stalker  
  96  8:38  Probe  
  96  8:43  Oracle (Chrono Boost)  
  96  8:46  Probe  
  101  8:50  Immortal (Chrono Boost)  
  101  8:52  Twilight Council  
  101  8:53  Forge  
  101  8:54  Adept  
  106  9:00  Sentry x2  
  106  9:02  Sentry  
  112  9:11  Gateway  
  112  9:13  Gateway  
  112  9:17  Protoss Ground Weapons Level 1  
  112  9:23  Immortal  
  116  9:26  Zealot  
  118  9:32  Templar Archives  
  122  9:48  Psionic Storm  
  122  9:50  Charge (Chrono Boost), Immortal (Chrono Boost)  
  122  9:57  Gateway  
  122  9:59  Gateway  
  122  10:00  Probe  
  122  10:01  Pylon  
  122  10:05  Observer (Chrono Boost)  
  124  10:10  High Templar x4  
  132  10:27  Nexus  
  132  10:28  Zealot x2  
  134  10:30  Pylon  
  136  10:39  Pylon  
  136  10:42  Zealot x4  
  140  10:47  Warp Prism (Chrono Boost)  
  140  10:48  Immortal (Chrono Boost)  
  140  10:49  High Templar  
  141  10:50  High Templar  
  149  10:59  High Templar x2, Pylon  
  149  11:01  Pylon  
  153  11:04  Archon  
  153  11:17  Pylon  
  153  11:20  Nexus  
  153  11:27  Adept, Sentry  
  153  11:28  Adept  
  159  11:33  High Templar x2  
  159  11:34  Zealot x3  
  169  11:41  Archon  
  169  11:52  Sentry  
  171  11:55  High Templar x2  
  173  12:12  Immortal  
  173  12:21  Zealot  
  173  12:22  Zealot x2  
  179  12:25  Probe  
  179  12:29  Pylon  
  180  12:31  Pylon  
  180  12:33  Pylon  
  180  12:41  Pylon  
  178  12:50  High Templar x4  
  182  12:51  Zealot x2  
  182  12:52  Zealot x2  
  182  12:54  Archon x2  
  182  12:56  Nexus  
  182  12:57  Pylon  
  187  13:20  Zealot x2  
  187  13:21  Zealot x2  
  195  13:28  Zealot x4  
  195  13:29  Probe  
  195  13:30  Probe x2  
  171  13:41  Probe  
  171  13:42  Probe x2  
  154  13:52  Zealot  
  154  13:53  Zealot x7  
  171  14:03  Observer  
  171  14:05  Nexus  
  149  14:13  Zealot  
  149  14:14  Zealot x7  
  151  14:34  Zealot x5  
  151  14:35  Zealot x3  
  138  14:57  Zealot x2  
  112  15:01  Zealot x4  
  116  15:10  Archon  
  116  15:11  Archon  
  116  15:13  High Templar x2  
  112  15:19  Archon, Zealot x2  
  112  15:26  High Templar x4  
  118  15:41  Assimilator  
  118  15:46  Assimilator  
  118  15:48  High Templar x4, Pylon  
  126  15:52  Archon x2  
  126  15:58  High Templar x2  
  126  15:59  High Templar x2  
  126  16:03  Archon  
  126  16:04  Archon  
  131  16:16  Pylon  
  131  16:22  Zealot x4  
  139  16:38  Nexus  
  139  16:39  Pylon  
  139  16:42  Probe  
  139  16:45  Probe  
  131  16:48  Observer  
  131  16:51  High Templar x4  
  131  16:52  Zealot x2  
  131  16:53  Probe  
  140  17:04  Archon x2  
  140  17:06  Zealot  
  140  17:07  Zealot  
  144  17:20  Void Ray (Chrono Boost)  
  144  17:21  Zealot x2  
  146  17:24  Zealot x3  
  109  17:53  Zealot x5  
  109  17:54  Zealot  
  107  18:00  Void Ray  
  109  18:14  Probe x4  
  105  18:27  High Templar x5  
  105  18:28  High Templar, Zealot x2  
  119  18:35  Assimilator, Archon  
  119  18:36  Archon x2  
  119  18:38  Assimilator, Probe x2  
  119  18:41  Probe  
  122  18:42  Probe  
  123  18:50  Probe  
Show
View Real Time Build Order
Export as new Build Order

Lambo Zerg 

Build Orders: Hatch First 

Get SALT Encoding   

  12  0:00  Drone  
  13  0:12  Overlord  
  13  0:18  Drone  
  14  0:30  Drone x2  
  16  0:48  Hatchery  
  15  0:50  Drone  
  15  0:54  Drone  
  17  0:57  Drone  
  18  1:04  Extractor  
  17  1:12  Spawning Pool  
  17  1:15  Drone  
  17  1:19  Drone  
  18  1:27  Drone  
  19  1:43  Drone  
  20  1:52  Overlord  
  20  1:59  Queen x2  
  20  2:00  Zergling x4  
  26  2:07  Metabolic Boost  
  26  2:10  Drone  
  26  2:12  Drone  
  28  2:24  Drone x2  
  30  2:32  Drone x2  
  32  2:39  Hatchery  
  32  2:42  Drone  
  32  2:46  Overlord  
  32  2:52  Queen  
  32  2:55  Drone  
  32  2:57  Drone  
  36  3:04  Overlord  
  36  3:05  Drone  
  37  3:13  Drone x2, Queen  
  37  3:16  Drone  
  37  3:19  Drone  
  43  3:21  Overlord  
  43  3:31  Drone x2, Queen  
  47  3:37  Drone  
  48  3:42  Drone  
  48  3:43  Drone x2  
  48  3:45  Drone  
  52  3:50  Spore Crawler  
  52  3:51  Spore Crawler  
  52  3:53  Queen  
  52  3:54  Overlord  
  52  3:58  Drone x2  
  52  4:02  Drone x2  
  56  4:05  Drone x2  
  56  4:08  Drone x2  
  60  4:16  Drone x2  
  62  4:21  Overlord  
  62  4:22  Spore Crawler  
  61  4:28  Overlord  
  61  4:30  Spore Crawler  
  61  4:31  Drone x5  
  64  4:34  Roach Warren  
  64  4:35  Drone x2  
  66  4:39  Lair  
  66  4:40  Drone  
  66  4:45  Extractor  
  66  4:46  Drone, Extractor  
  66  4:48  Extractor, Overlord  
  66  4:49  Drone x2  
  67  4:54  Drone x3  
  67  4:55  Drone  
  67  4:57  Overlord  
  67  4:59  Queen  
  73  5:03  Queen  
  73  5:05  Drone  
  75  5:17  Roach x6  
  75  5:18  Overlord  
  75  5:21  Roach  
  89  5:22  Zergling x2  
  89  5:23  Zergling x2  
  89  5:26  Roach x2  
  95  5:31  Zergling x4  
  95  5:32  Overlord  
  97  5:36  Overlord  
  97  5:39  Roach  
  97  5:40  Nydus Network, Overlord  
  98  5:47  Overlord  
  98  5:48  Drone  
  99  5:50  Roach x2  
  103  5:58  Zergling x14  
  103  6:02  Zergling x4  
  112  6:07  Ravager x4  
  112  6:09  Zergling x6  
  115  6:15  Zergling x2  
  115  6:16  Zergling x10  
  121  6:23  Nydus Canal  
  121  6:26  Zergling x2, Ravager x2  
  121  6:27  Zergling x8  
  121  6:29  Queen x2  
  121  6:32  Zergling x4  
  134  6:38  Roach  
  134  6:39  Roach  
  135  6:43  Nydus Canal  
  135  6:44  Zergling x4  
  135  6:45  Overlord  
  135  6:46  Overlord  
  137  6:52  Overlord  
  137  6:54  Overlord  
  137  6:56  Overlord  
  137  6:59  Overlord  
  137  7:08  Overlord  
  137  7:11  Zergling x10  
  137  7:13  Ravager x4  
  145  7:17  Zergling x8  
  145  7:19  Zergling x6  
  150  7:27  Zergling x6  
  149  7:34  Zergling x2, Ravager  
  144  7:37  Zergling x4  
  144  7:43  Roach x3  
  144  7:45  Roach  
  144  7:46  Ravager x2  
  141  7:52  Roach  
  141  7:53  Roach  
  141  7:57  Roach  
  142  7:58  Queen x2  
  142  7:59  Queen  
  142  8:00  Roach x2  
  142  8:05  Roach  
  143  8:11  Zergling x4  
  135  8:16  Roach  
  135  8:19  Roach  
  133  8:22  Roach  
  123  8:31  Zergling x6  
  124  8:36  Hydralisk Den  
  124  8:37  Zergling x2  
  109  8:50  Baneling Nest, Zergling x6  
  109  8:51  Evolution Chamber, Ravager x5  
  109  8:53  Zergling x4  
  117  8:56  Hatchery  
  117  8:59  Zergling x12  
  117  9:02  Drone x2  
  123  9:07  Drone  
  123  9:08  Glial Reconstitution  
  124  9:18  Drone x6  
  124  9:24  Drone, Zerg Melee Weapons Level 1  
  129  9:26  Drone x6  
  129  9:28  Drone  
  136  9:32  Muscular Augments, Extractor  
  136  9:35  Hydralisk x2  
  139  9:40  Hydralisk  
  139  9:45  Zergling x2  
  137  9:48  Centrifical Hooks  
  137  9:52  Drone x3  
  138  9:55  Zergling x12  
  144  10:00  Zergling x8  
  148  10:09  Zergling x2  
  148  10:10  Zergling x4  
  148  10:13  Zergling x2  
  152  10:16  Hydralisk  
  152  10:19  Hydralisk x2  
  158  10:26  Zergling x20  
  168  10:31  Extractor, Zergling x6  
  170  10:36  Hydralisk  
  170  10:39  Hydralisk  
  173  10:43  Grooved Spines  
  173  10:45  Drone x2  
  173  10:49  Drone  
  176  10:53  Drone x2  
  176  10:54  Drone x2  
  176  10:57  Hydralisk x2  
  180  10:59  Baneling x5  
  180  11:04  Hatchery  
  182  11:06  Drone x2, Infestation Pit  
  182  11:07  Roach x2  
  182  11:09  Roach  
  189  11:14  Zergling x8  
  189  11:15  Zergling x2  
  189  11:17  Zergling x4  
  189  11:18  Baneling x2  
  195  11:19  Zerg Missile Weapons Level 1  
  195  11:20  Zergling x4  
  197  11:26  Zergling x6  
  197  11:28  Baneling  
  197  11:29  Baneling x8  
  197  11:31  Overlord  
  199  11:35  Ravager  
  200  11:43  Zergling x2  
  200  11:50  Hive  
  200  11:53  Baneling x6  
  200  11:55  Overlord  
  200  12:06  Overlord  
  200  12:07  Zergling x4  
  197  12:12  Zergling x20  
  200  12:19  Drone  
  199  12:33  Extractor, Spire  
  191  12:44  Hydralisk x3  
  191  12:45  Hydralisk  
  198  12:59  Overlord  
  198  13:01  Baneling x7  
  198  13:04  Overlord  
  195  13:17  Zergling x10  
  197  13:32  Zergling x22  
  197  13:36  Hydralisk x3  
  197  13:39  Hydralisk x4  
  194  13:43  Hydralisk  
  194  13:44  Hydralisk x6  
  194  13:46  Hydralisk x3  
  198  13:49  Hydralisk x2  
  198  13:50  Zergling x2  
  198  13:52  Baneling x17  
  198  13:54  Zergling x4  
  198  13:56  Overlord  
  198  13:57  Baneling x3, Zergling x4  
  198  13:58  Zergling x4  
  194  14:03  Overlord  
  194  14:04  Overlord  
  194  14:05  Zergling x22  
  186  14:15  Hydralisk x5  
  184  14:19  Hydralisk x5  
  193  14:26  Pneumatized Carapace  
  193  14:28  Hydralisk  
  193  14:30  Hydralisk x2  
  174  14:38  Zergling x4  
  158  14:44  Zergling x2  
  159  14:48  Zergling x2  
  159  14:51  Hydralisk x2  
  106  15:00  Hydralisk x2  
  106  15:04  Hydralisk  
  94  15:09  Hydralisk x2  
  93  15:14  Hydralisk  
  89  15:21  Hydralisk  
  89  15:25  Hydralisk  
  93  15:29  Hydralisk  
  95  15:36  Hydralisk  
  97  15:43  Greater Spire  
  97  15:46  Corruptor  
  99  15:53  Corruptor  
  101  16:01  Corruptor  
  103  16:08  Corruptor  
  105  16:31  Hatchery  
  103  16:55  Brood Lord x4  
  108  17:01  Corruptor  
  108  17:06  Corruptor x2  
  85  17:47  Brood Lord x3  
Tags
 
Add a new tag
Caveats
  • Supply blocks, unpowered buildings, or Contaminate may cause inaccurate times.
  • Supply counts are checked every 10 seconds.